 Dungeon Crawl Stone Soup version 0.22.0-32-gbc6daba (webtiles) character file.

75 Monsterracer the Cudgeler (level 3, 0/30 HPs)
             Began as a Demigod Warper on Aug 24, 2018.
             Slain by Grinder (2 damage)
             ... while paralysed by Grinder
             ... on level 3 of the Dungeon.
             The game lasted 00:02:35 (2281 turns).

Monsterracer the Cudgeler (Demigod Warper)          Turns: 2281, Time: 00:02:36

Health: 0/30       AC:  6    Str: 16    XL:     3   Next: 88%
Magic:  8/8        EV:  2    Int: 17    God:
Gold:   79         SH:  0    Dex: 15    Spells: 3/5 levels left

rFire    . . .     SeeInvis .   a - +0 whip (elec)
rCold    . . .     Gourm    .   (no shield)
rNeg     + . .     Faith    .   s - +0 ring mail (curse)
rPois    .         Spirit   .   (no helmet)
rElec    .         Reflect  .   (no cloak)
rCorr    +         Harm     .   (no gloves)
MR       .....                  m - +0 pair of boots
Stlth    +.........             (no amulet)
HPRegen  0.10/turn              i - ring of resist corrosion
MPRegen  0.11/turn              b - ring of positive energy

@: paralysed
A: high mp 1
a: no special abilities


You were on level 3 of the Dungeon.
You were not hungry.

You visited 1 branch of the dungeon, and saw 3 of its levels.

You collected 79 gold pieces.

Inventory:

Hand Weapons
 a - a +0 whip of electrocution (weapon)
Missiles
 e - 5 tomahawks of dispersal (quivered)
Armour
 m - a +0 pair of boots (worn)
 n - a +0 cloak
 s - a cursed +0 ring mail (worn)
Jewellery
 b - a ring of positive energy (right hand)
 i - a ring of resist corrosion (left hand)
Scrolls
 d - a scroll of blinking
 g - a scroll of remove curse {unknown}
 h - 3 scrolls of enchant armour {unknown}
 k - 2 scrolls of teleportation {unknown}
 l - 2 scrolls of identify {unknown}
Potions
 f - a potion of mutation {unknown}
 j - a potion of brilliance {unknown}
 o - a potion of agility {unknown}
 q - a potion of magic {unknown}
 r - a potion of haste {unknown}
Comestibles
 c - 3 rations
 p - a chunk of flesh


   Skills:
 + Level 2.6 Fighting
 * Level 3.4 Maces & Flails
 - Level 0.8 Throwing
 - Level 0.8 Armour
 - Level 1.7 Dodging
 - Level 1.7 Spellcasting
 - Level 2.6 Translocations


You had 3 spell levels left.
You knew the following spells:

 Your Spells              Type           Power        Failure   Level  Hunger
e - Blink                 Tloc           N/A          19%         2    ###....

Your spell library contained the following spells:

 Spells                   Type           Power        Failure   Level  Hunger
 Shroud of Golubria       Chrm/Tloc      #.........   32%         2    ###....
 Gell's Gravitas          Tloc           ##........   36%         3    ###....
 Lesser Beckoning         Tloc           ##........   36%         3    ###....
 Teleport Other           Tloc           ##......     36%         3    ###....
 Passage of Golubria      Tloc           N/A          77%         4    #####..


Dungeon Overview and Level Annotations

Branches:
Dungeon (3/15)

Annotations:
D:3 Grinder


Innate Abilities, Weirdness & Mutations

You have an increased reservoir of magic. (+10% MP)


Message History

Things that are here:
a club; a goblin corpse; a jackal corpse You butcher the goblin corpse.
p - 7 chunks of flesh (gained 1)
Things that are here:
a club; a jackal corpse You see here a glowing whip.
s - a glowing whip Wield which item (- for none, * to show all)? (? for menu, Esc to quit)
You hear the crackle of electricity.
s - a +0 whip of electrocution (weapon)
Drop what? 19/52 slots (_ for help) (? for menu, Esc to quit)
You drop a +0 mace.
Adjust (i)tems, (s)pells, or (a)bilities?
Adjust which item? (? for menu, Esc to quit)
s - a +0 whip of electrocution (weapon)
Adjust to which letter? (? for menu, Esc to quit)
a - a +0 whip of electrocution (weapon)
You see here a shiny ring mail.
s - a shiny ring mail Wear which item? (? for menu, Esc to quit)
You start removing your armour.
You continue taking off your +0 ring mail. x4
You finish taking off your +0 ring mail.
You start putting on your armour.
You continue putting on your shiny ring mail. x5
You finish putting on your cursed +0 ring mail.
Oops, that feels deathly cold.
Drop what? 19/52 slots (_ for help) (? for menu, Esc to quit)
You drop a +0 ring mail.
Found a cloak.
Health restored: 30 An orc comes into view.
It is wielding a club.
The orc shouts!
You see here 7 gold pieces.
An orc is nearby!
The orc hits you with a club.
You take 2 damage, and have 28/30 hp.
An orc is nearby!
You closely miss the orc. The orc barely misses you.
You whack the orc! Lightning courses through the orc!
You kill the orc!
No target in view!
No target in view!
No target in view!
You see here a cloak.
n - a cloak Wear which item? (? for menu, Esc to quit)
You're already wearing that object!
Eating one of 7 chunks of flesh.
You eat one of the 7 chunks of flesh.
This raw flesh tastes terrible.
Some of the chunks of flesh in your inventory have rotted away.
You now have 52 gold pieces (gained 7).
Things that are here:
a club; an orc corpse; Health restored: 30 You now have 72 gold pieces (gained 20).
You open the door.
There is an open door here.
Some of the chunks of flesh in your inventory have rotted away.
You now have 79 gold pieces (gained 7).
Grinder comes into view.
Grinder shouts!
Grinder gestures at you. Pain shoots through your body!
You take 5 damage, and have 25/30 hp.
Wear which item? (? for menu, Esc to quit)
Keep equipping yourself? [Y]es or [N]o only, please.
Keep equipping yourself? [Y]es or [N]o only, please.
Keep equipping yourself? [Y]es or [N]o only, please.
Keep equipping yourself?
You stop putting on your armour.
Grinder gestures at you. You resist with significant effort.
Found 9 gold pieces.
Found a stone staircase leading down.
You hit Grinder but do no damage. Grinder hits you.
You take 2 damage, and have 23/30 hp.
You hit Grinder. Lightning courses through Grinder!
Grinder is moderately wounded.
Grinder hits you.
You writhe in agony.
You take 3 damage, and have 20/30 hp.
You closely miss Grinder.
Grinder is moderately wounded.
Grinder hits you.
* * * LOW HITPOINT WARNING * * *
You take 5 damage, and have 15/30 hp.
Your ring mail prevents you from hitting Grinder.
Grinder is moderately wounded.
Grinder gestures at you.
You suddenly lose the ability to move!
Grinder hits you.
* * * LOW HITPOINT WARNING * * *
You writhe in agony.
* * * LOW HITPOINT WARNING * * *
Grinder hits you!
* * * LOW HITPOINT WARNING * * *
You writhe in agony.
You die...

###############
...$...........
#>..5........ #@#
#.# #.###.##########
#...............
#####.##############
#.##...........#
#.##...........#
#.##...........###
#.##..............


You could see Grinder.

Vanquished Creatures
  3 gnolls (D:3)
  A leopard gecko (D:1)
  An orc (D:3)
  3 giant cockroaches (D:1)
  6 goblins
  5 hobgoblins (D:1)
  8 jackals
  A ball python (D:1)
  3 bats
  2 frilled lizards (D:2)
  5 kobolds
  3 rats (D:1)
41 creatures vanquished.

Notes
Turn   | Place    | Note
-------+----------+-------------------------------------------
     0 | D:1      | Monsterracer the Demigod Warper began the quest for the Orb.
     0 | D:1      | Reached XP level 1. HP: 17/17 MP: 5/5
   116 | D:1      | Reached skill level 2 in Maces & Flails
   571 | D:1      | HP: 8/17 [ball python (2)]
   797 | D:1      | Reached XP level 2. HP: 21/24 MP: 7/7
   807 | D:1      | Learned a level 2 spell: Blink
  1230 | D:1      | HP: 12/24 [hobgoblin/club (3)]
  1939 | D:2      | Reached XP level 3. HP: 30/30 MP: 8/8
  1988 | D:2      | You fall through a shaft!
  2019 | D:3      | Reached skill level 3 in Maces & Flails
  2273 | D:3      | Noticed Grinder
  2278 | D:3      | HP: 15/30 [Grinder (5)]
  2279 | D:3      | Paralysed by Grinder for 7 turns
  2281 | D:3      | HP: 2/30 [Grinder (9)]
  2281 | D:3      | Slain by Grinder

Skill      XL: |  1  2  3 |
---------------+----------+-----
Maces & Flails | 2 3 |  3.4
Fighting       | 2 |  2.6
Throwing       | |  0.8
Armour         | |  0.8
Dodging        | |  1.7
Spellcasting   | |  1.7
Translocations | |  2.6

Action                   || total
-------------------------++-------
Melee: Mace              ||   166
       Whip              ||     6
  Eat: Chunk             ||     5
Armor: Leather armour    ||    12
       Ring mail         ||    54
Dodge: Dodged            ||   113

Vault maps used:
D:1:      dpeg_arrival_rooms_a, serial_bayou, serial_bayou_ford_a,
          serial_bayou_pond_c, serial_bayou_shore_a, serial_bayou_pond_c
D:2:      lemuel_crystal_altar, nemelex_altar_shiori
D:3:      hangedman_decor_peaks_small, supply_closet_lemuel, uniq_grinder
